 Dungeon Crawl Stone Soup version 0.17-a0-1763-g847a857 (webtiles) character file.

143 kae the Chopper (level 5, -2/45 HPs)
             Began as a Hill Orc Fighter on Sept 4, 2015.
             Slain by Crazy Yiuf
             ... wielding a +3 quarterstaff of chaos
              (14 damage)
             ... on level 2 of the Dungeon.
             The game lasted 00:02:03 (2292 turns).

kae the Chopper (Hill Orc Fighter)                  Turns: 2292, Time: 00:02:03

Health: -2/45      AC:  6    Str: 19    XL:     5   Next: 25%
Magic:  5/5        EV:  7    Int:  8    God:
Gold:   93         SH:  9    Dex: 11    Spells: 0 memorised, 4 levels left

rFire  . . .     SeeInvis .     a - +0 war axe
rCold  . . .     Clarity  .     b - +0 scale mail
rNeg   . . .     SustAt   .     c - +0 shield
rPois  .         Gourm    .     (no helmet)
rElec  .         Spirit   .     (no cloak)
rCorr  .         Warding  .     (no gloves)
rMut   .         Stasis   .     (no boots)
MR     .....                    (no amulet)
Stlth  ..........               (no ring)
                                (no ring)

@: not resistant to hostile enchantments, extremely unstealthy
A: no striking features
a: no special abilities


You were on level 2 of the Dungeon.
You were hungry.

You visited 1 branch of the dungeon, and saw 2 of its levels.

You collected 93 gold pieces.

Inventory:

Hand weapons
 a - a +0 war axe (weapon)
Armour
 b - a +0 scale mail (worn)
 c - a +0 shield (worn)
Magical devices
 p - a wand of frost (23)
Scrolls
 f - 3 scrolls of blinking {unknown}
 g - 2 scrolls of identify {unknown}
 h - a scroll of fog {unknown}
 i - a scroll of enchant weapon {unknown}
 r - a scroll of magic mapping {unknown}
Potions
 d - a potion of flight {unknown}
 l - a potion of haste {unknown}
 m - a potion of agility
 q - a potion of poison {unknown}
 s - a potion of might
Books
 k - a book of Callings

   Spells                             Type                      Level
   a - Summon Small Mammal            Summoning                    1
   b - Call Imp                       Summoning                    2
   c - Call Canine Familiar           Summoning                    3
   d - Summon Guardian Golem          Hexes/Summoning              3
   e - Summon Lightning Spire         Summoning/Air                4
   f - Summon Ice Beast               Ice/Summoning                4
Comestibles
 e - a bread ration
 j - a beef jerky
 n - a slice of pizza
 o - 2 meat rations


   Skills:
 - Level 3.6 Fighting
 + Level 7.0 Axes
 - Level 3.2 Armour
 - Level 3.2 Shields


You had 4 spell levels left.
You didn't know any spells.

Dungeon Overview and Level Annotations

Branches:
Dungeon (2/15)

Altars:
Fedhas

Annotations:
D:2 Crazy Yiuf


Message History

You barely miss Crazy Yiuf.
Crazy Yiuf is severely wounded.
Crazy Yiuf hits you with a quarterstaff of chaos!
Crazy Yiuf freezes you.
You hit Crazy Yiuf.
Crazy Yiuf is severely wounded.
Crazy Yiuf closely misses you.
You barely miss Crazy Yiuf.
Crazy Yiuf is severely wounded.
Crazy Yiuf hits you with a quarterstaff of chaos!
* * * LOW HITPOINT WARNING * * *
You are too injured to fight recklessly!
You are too injured to fight recklessly!
You are too injured to fight recklessly!
You are too injured to fight recklessly!
You are too injured to fight recklessly!
You closely miss Crazy Yiuf.
Crazy Yiuf is severely wounded.
Crazy Yiuf hits you with a quarterstaff of chaos!
You die...

.##..####.##.#
........#.# ##
..........##
...........# #####
...........# #)..#
...........# #...#
.#...###...# ...
.#...# #...# #g#
.#...# ##'## #@##
)#...####.## ##.#
....(......# #.##
.#.#.####.## ##.#
...........# ##.##
.#.#.###..## ##...#
..........## #.PPP#
...........# #....#
.###.##...#####....#


You could see Crazy Yiuf.

Vanquished Creatures
  Jessica (D:2)
  Robin (D:2)
  4 adders (D:2)
  2 oozes
  2 worms (D:2)
  A giant cockroach (D:2)
  6 hobgoblins
  5 kobolds
  A quokka (D:2)
  3 bats (D:2)
  4 giant geckos
  6 giant newts
  14 goblins
  3 jackals
  5 rats
58 creatures vanquished.

Notes
Turn   | Place    | Note
--------------------------------------------------------------
     0 | D:1      | kae the Hill Orc Fighter began the quest for the Orb.
     0 | D:1      | Reached XP level 1. HP: 19/19 MP: 1/1
   119 | D:1      | Reached XP level 2. HP: 21/26 MP: 2/2
   446 | D:1      | Reached skill level 4 in Axes
   947 | D:2      | Reached XP level 3. HP: 11/31 MP: 3/3
  1285 | D:2      | Reached skill level 5 in Axes
  1363 | D:2      | Reached XP level 4. HP: 27/39 MP: 4/4
  1530 | D:2      | Found a blossoming altar of Fedhas.
  1557 | D:2      | Noticed Jessica
  1564 | D:2      | Killed Jessica
  1564 | D:2      | Reached skill level 6 in Axes
  1873 | D:2      | Noticed Robin
  1886 | D:2      | Killed Robin
  1886 | D:2      | Reached XP level 5. HP: 39/45 MP: 5/5
  2161 | D:2      | Reached skill level 7 in Axes
  2280 | D:2      | Noticed Crazy Yiuf
  2292 | D:2      | Slain by Crazy Yiuf

Vault maps used:
D:1:      minmay_arrival_plants_in_alcoves
D:2:      fedhas_altar_1, uniq_crazy_yiuf_cottage, uniq_jessica, uniq_robin

Action                   |  1- 3 |  4- 6 || total
-------------------------+-------+-------++-------
Melee: War axe           |    93 |    82 ||   175
  Use: Potion            |     2 |     1 ||     3
  Eat: Chunk             |     2 |     2 ||     4
